 Dungeon Crawl Stone Soup version 0.29.0-4-gdea44cf6ec (webtiles) character file.

Game seed: 10312096640192613199

45 qw the Ruffian (level 3, -2/28 HPs)
             Began as a Ghoul Fire Elementalist on Aug 29, 2022.
             Slain by Terence
             ... wielding a +0 falchion
              (4 damage)
             ... on level 2 of the Dungeon.
             The game lasted 00:01:23 (1603 turns).

qw the Ruffian (Ghoul Fire Elementalist)            Turns: 1603, Time: 00:01:24

Health: -2/28      AC: 11    Str: 13    XL:     3   Next: 64%
Magic:  4/4        EV:  3    Int: 10    God:
Gold:   82         SH:  0    Dex:  9    Spells: 4/5 levels left

rFire   . . .      SeeInvis .     - Unarmed
rCold   + . .      Faith    .   (no shield)
rNeg    + + +      Spirit   .   g - +0 plate armour
rPois   inf        Reflect  .   (no helmet)
rElec   .          Harm     .   (no cloak)
rCorr   .          Rampage  .   (no gloves)
Will    .....                   j - +0 pair of boots
Stlth   ..........              (no amulet)
HPRegen 0.00/turn               (no ring)
MPRegen 0.09/turn               (no ring)

@: inhibited regen
A: claws 1, cold resistance 1, negative energy resistance 3, inhibited
regeneration, torment resistance 2, devour on kill
a: no special abilities


You were on level 2 of the Dungeon.
You visited 1 branch of the dungeon, and saw 2 of its levels.

You collected 82 gold pieces.


Innate Abilities, Weirdness & Mutations

You are immune to poison.
You have sharp fingernails.
Your flesh is cold resistant. (rC+)
You are immune to negative energy. (rN+++)
You do not regenerate when monsters are visible.
You are immune to unholy pain and torment.
You thrive by killing the living.


   Skills:
 - Level 1.2 Fighting
 + Level 0.4 Armour
 - Level 1.7 Dodging
 - Level 2.1 Stealth
 - Level 3.0 Unarmed Combat
 - Level 1.7 Spellcasting
 - Level 0.7 Conjurations
 - Level 2.4 Fire Magic


You had 4 spell levels left.
You knew the following spells:

 Your Spells              Type           Power      Damage    Failure   Level
a - Foxfire               Conj/Fire      16%        2x1d4     100%        1

Your spell library contained the following spells:

 Spells                   Type           Power      Damage    Failure   Level
 Scorch                   Fire           10%        2d5       100%        2
 Conjure Flame            Conj/Fire      4%         6-21      100%        3
 Inner Flame              Hex/Fire       3%         N/A       100%        3
 Flame Wave               Conj/Fire      4%         2d5       100%        4

Inventory:

Armour
 g - a +0 plate armour (worn)
 j - a +0 pair of boots (worn)
Potions
 e - a potion of resistance {unknown}

Dungeon Overview and Level Annotations

Branches:
Dungeon (2/15)

Altars:

Annotations:
D:2 Terence


Message History

Terence is lightly wounded.
Terence hits you but does no damage.
You scratch Terence but do no damage.
Terence is lightly wounded.
Terence hits you with a +0 falchion!
You closely miss Terence.
Terence is lightly wounded.
Terence hits you but does no damage.
You scratch Terence.
Terence is lightly wounded.
Terence hits you with a +0 falchion.
You scratch Terence.
Terence is moderately wounded.
Terence shouts, "Get ready for death!"
Terence hits you with a +0 falchion.
You barely miss Terence.
Terence is moderately wounded.
You barely miss Terence.
Terence is moderately wounded.
Terence hits you but does no damage.
A kobold comes into view. It is wielding a +0 whip.
You closely miss Terence.
Terence is moderately wounded.
Terence hits you but does no damage.
You scratch Terence but do no damage. Your claw misses Terence.
Terence is moderately wounded.
Terence hits you with a +0 falchion.
You scratch Terence but do no damage.
Terence is moderately wounded.
Terence hits you with a +0 falchion.
You closely miss Terence.
Terence is moderately wounded.
Terence hits you with a +0 falchion.
You barely miss Terence.
Terence is moderately wounded.
Terence hits you with a +0 falchion.
You scratch Terence.
Terence is moderately wounded.
Terence hits you with a +0 falchion.
You die...

#.... ### ...# ####
).. ... ... ..# #
... #.# #.# 8..8
..##.###.###.##..>..
...........<........
.............#.#8..8
.......@.....# # #
...#?#@##.##.# #K
#.#.... .! ..##.....
##..#.........
..#..##...... ._ .##
...... ... .


You could see Terence and a kobold.

Vanquished Creatures
  2 dart slugs
  2 ball pythons
  6 bats
  An endoplasm (D:1)
  3 giant cockroaches (D:1)
  3 goblins (D:1)
  3 hobgoblins (D:1)
  6 kobolds (D:1)
  2 quokkas (D:1)
  3 frilled lizards (D:1)
  5 rats (D:1)
36 creatures vanquished.

Vanquished Creatures (others)
  2 plants (D:2)
2 creatures vanquished.

Grand Total: 38 creatures vanquished

Notes
Turn   | Place    | Note
-------+----------+-------------------------------------------
     0 | D:1      | qw the Ghoul Fire Elementalist began the quest for the Orb.
     0 | D:1      | Reached XP level 1. HP: 14/14 MP: 2/2
     0 | D:1      | 0 ||| qw: Version: 0.1-a-90-g952f4b7
     0 | D:1      | 0 ||| qw: Game counter: 3962
     0 | D:1      | 0 ||| qw: Always use a shield: true
     0 | D:1      | 0 ||| qw: God list: Okawaru
     0 | D:1      | 0 ||| qw: Allow faded altars: false
     0 | D:1      | 0 ||| qw: Do Orc after D:15 true
     0 | D:1      | 0 ||| qw: Do second Lair branch before Depths: true
     0 | D:1      | 0 ||| qw: Lair rune preference: random
     0 | D:1      | 0 ||| qw: Plans: Normal
     0 | D:1      | 0 ||| PLANNING D:1-11
    65 | D:1      | Reached skill level 1 in Unarmed Combat
   116 | D:1      | 116 ||| Stepping ~*~*~tactically~*~*~ (hiding).
   218 | D:1      | 218 ||| Stepping ~*~*~tactically~*~*~ (hiding).
   219 | D:1      | 219 ||| Stepping ~*~*~tactically~*~*~ (hiding).
   231 | D:1      | Reached skill level 1 in Fighting
   231 | D:1      | Reached XP level 2. HP: 8/23 MP: 3/3
   652 | D:1      | 652 ||| Stepping ~*~*~tactically~*~*~ (stealth).
   848 | D:1      | 848 ||| Stepping ~*~*~tactically~*~*~ (stealth).
   852 | D:1      | 852 ||| Stepping ~*~*~tactically~*~*~ (outnumbered).
   860 | D:1      | Reached skill level 2 in Unarmed Combat
  1044 | D:1      | Reached XP level 3. HP: 28/28 MP: 4/4
  1413 | D:1      | 1413 ||| Stepping ~*~*~tactically~*~*~ (outnumbered).
  1480 | D:1      | Reached skill level 3 in Unarmed Combat
  1518 | D:1      | 1518 ||| UPGRADING to +0 leather armour.
  1528 | D:1      | 1528 ||| DROPPING +0 robe.
  1529 | D:1      | 1529 ||| UPGRADING to +0 plate armour.
  1539 | D:1      | 1539 ||| DROPPING +0 leather armour.
  1540 | D:1      | 1540 ||| UPGRADING to +0 pair of boots.
  1545 | D:1      | 1545 ||| READING scroll labelled LUOCZAO VEYWK.
  1546 | D:1      | 1546 ||| READING scroll labelled ZUQUZEAHUE.
  1547 | D:1      | 1547 ||| READING scroll labelled QAYQO YBBA.
  1548 | D:1      | 1548 ||| READING scroll labelled ESOTUG XOLIOM.
  1549 | D:1      | 1549 ||| DRINKING 2 golden potions.
  1550 | D:1      | 1550 ||| DROPPING potion of magic.
  1551 | D:1      | 1551 ||| DROPPING potion of attraction.
  1582 | D:2      | Found a faded altar of an unknown god.
  1586 | D:2      | Noticed Terence
  1600 | D:2      | HP: 6/28 [Terence/+0 falchion (6)]
  1602 | D:2      | HP: 2/28 [Terence/+0 falchion (2)]
  1603 | D:2      | Slain by Terence

Levels and vault maps discovered:
D:1:      nagdon_arrival_zigzag_paths, layout_loops_ring
D:2:      layout_rooms, hellmonk_ecumenical_altar_blasted, serial_undead,
          serial_undead_d, serial_undead_c, serial_undead_b, serial_undead_b,
          serial_undead_e, serial_undead_e, serial_undead_e,
          serial_bayou_pond_c, st_stairs_6, uniq_crazy_yiuf_cottage, uniq_robin,
          uniq_terence

Skill      XL: |  1  2  3 |
---------------+----------+-----
Unarmed Combat | 1 2 3 |  3.0
Fighting       | 1 |  1.2
Armour         | |  0.4
Dodging        | |  1.7
Stealth        | |  2.1
Spellcasting   | |  1.7
Conjurations   | |  0.7
Fire Magic     | |  2.4

Action                   || total
-------------------------++-------
Melee: Unarmed           ||   156
  Use: Scroll            ||     4
       Potion            ||     1
Armor: Robe              ||    31
       Plate armour      ||    15
Dodge: Dodged            ||    81

Table legend:
 A = Non-vault XP
 B = Vault XP
 C = Vault XP percentage of total XP
 D = Non-vault monster count
 E = Vault monster count
 F = Vault count percentage of total count
                 A         B        C        D         E       F
            +---------+---------+-------+---------+---------+-------
      Total |      59 |       6 |   9.2 |      34 |       2 |   5.6
            +---------+---------+-------+---------+---------+-------
        D:1 |      58 |       0 |   0.0 |      33 |       0 |   0.0
        D:2 |       1 |       6 |  85.7 |       1 |       2 |  66.7
            +---------+---------+-------+---------+---------+-------
